Map: King Sejong Station LE

Players

Fropez

  • Race: Protoss Protoss
  • League: Gold
  • Spawn Location: 11:00

TomTom - Winner!

  • Race: Terran Terran
  • League: Gold
  • Spawn Location: 5:00

VOD

Have the link to the VOD?

Description

Time

  • Played on: Aug. 17, 2016, 3:04 p.m.
  • Length: 13:40
Show
View Real Time Build Order
Export as new Build Order

Fropez Protoss 

Build Orders:  

Get SALT Encoding   

  12  0:14  Pylon  
  12  0:16  Probe (Chrono Boost)  
  13  0:26  Probe (Chrono Boost)  
  14  0:34  Gateway  
  14  0:46  Probe (Chrono Boost)  
  15  1:00  Probe (Chrono Boost)  
  16  1:04  Assimilator  
  16  1:11  Pylon, Probe (Chrono Boost)  
  17  1:21  Cybernetics Core  
  17  1:22  Probe (Chrono Boost)  
  18  1:30  Pylon  
  18  1:37  Assimilator  
  18  1:39  Probe (Chrono Boost)  
  19  1:48  Pylon  
  19  2:10  Probe (Chrono Boost)  
  19  2:12  Gateway  
  19  2:14  Warp Gate (Chrono Boost)  
  20  2:21  Stalker (Chrono Boost)  
  21  2:24  Probe  
  22  2:36  Mothership Core  
  24  2:56  Gateway  
  24  2:57  Probe  
  25  2:59  Gateway  
  25  3:09  Probe  
  26  3:14  Stalker  
  28  3:21  Probe  
  29  3:34  Probe  
  30  3:46  Probe  
  31  3:49  Robotics Facility  
  31  3:58  Probe  
  32  4:09  Adept x2  
  36  4:10  Adept x2  
  40  4:25  Probe  
  41  4:37  Observer (Chrono Boost), Probe  
  37  5:34  Stalker  
  37  5:35  Stalker x2  
  43  5:36  Stalker  
  43  5:48  Warp Prism (Chrono Boost)  
  45  5:52  Probe  
  46  6:05  Pylon  
  46  6:09  Pylon  
  42  7:10  Stalker  
  42  7:11  Stalker x2  
  46  7:21  Nexus  
  46  7:22  Pylon  
  46  7:24  Assimilator  
  46  7:29  Assimilator  
  38  7:41  Probe  
  33  7:53  Probe  
  34  8:00  Immortal (Chrono Boost)  
  39  8:05  Probe  
  39  8:16  Pylon x3  
  39  8:17  Probe  
  40  8:29  Probe  
  40  8:30  Twilight Council  
  41  8:34  Probe  
  42  8:42  Probe  
  42  8:43  Immortal (Chrono Boost)  
  42  8:44  Stalker  
  42  8:46  Stalker  
  42  8:47  Probe  
  52  9:00  Sentry  
  52  9:02  Probe  
  55  9:19  Probe  
  55  9:22  Probe  
  57  9:31  Probe  
  57  9:33  Probe  
  57  9:35  Stalker  
  57  9:36  Stalker  
  63  9:43  Probe  
  64  9:47  Pylon  
  64  9:53  Probe  
  64  9:54  Forge  
  64  9:59  Pylon  
  66  10:12  Sentry x3  
  56  10:43  Stalker x3  
  62  11:13  Pylon x2  
  62  11:14  Pylon  
  62  11:17  Stalker x2  
  66  11:20  Probe  
  67  11:30  Probe  
  68  11:38  Pylon  
  59  11:51  Stalker x2  
  63  12:13  Probe  
  64  12:30  Probe  
  65  12:38  Stalker x2  
  65  12:41  Nexus, Probe  
  65  12:42  Gateway  
  67  12:51  Probe  
  68  13:02  Probe  
  69  13:12  Probe  
  69  13:13  Pylon  
  69  13:16  Pylon  
  70  13:23  Nexus, Probe  
  70  13:25  Pylon  
Show
View Real Time Build Order
Export as new Build Order

TomTom Terran - Winner!

Build Orders:  

Get SALT Encoding   

  12  0:08  SCV  
  13  0:23  SCV  
  14  0:33  Supply Depot  
  14  0:35  SCV  
  15  0:38  Refinery  
  15  0:54  SCV  
  16  0:59  Barracks  
  16  1:11  SCV, Refinery  
  17  1:23  SCV  
  18  1:35  SCV  
  19  1:48  Reaper  
  20  1:54  Supply Depot  
  20  1:56  SCV  
  21  2:08  SCV, Ghost Academy  
  22  2:20  SCV  
  23  2:32  SCV  
  23  2:33  Barracks Tech Lab  
  24  2:38  Personal Cloaking  
  24  3:03  Ghost  
  26  3:11  SCV, Barracks  
  27  3:40  Marauder  
  29  3:42  Concussive Shells  
  29  3:48  Command Center  
  29  3:56  SCV  
  29  4:02  Supply Depot  
  30  4:17  Barracks Tech Lab  
  30  4:20  Marauder  
  31  4:42  Marauder x2  
  37  5:07  Marauder x2  
  37  5:20  Engineering Bay  
  37  5:40  Marauder  
  37  5:41  Marauder  
  41  5:46  Bunker  
  41  5:49  Orbital Command  
  41  5:55  Terran Infantry Weapons Level 1, Factory  
  41  6:00  Missile Turret  
  41  6:02  Missile Turret  
  41  6:08  Missile Turret  
  41  6:12  Marauder x2  
  41  6:15  Planetary Fortress  
  45  6:33  Marauder x2  
  49  6:41  Starport  
  49  6:48  Missile Turret  
  47  7:17  Factory Reactor  
  47  7:25  SCV  
  46  7:37  SCV  
  46  7:42  Marauder x2  
  51  7:47  Missile Turret  
  51  8:13  Armory  
  51  8:14  Medivac  
  51  8:18  Factory Tech Lab  
  51  8:19  Missile Turret  
  53  8:24  Supply Depot  
  53  8:29  Medivac  
  53  8:30  Command Center  
  53  8:32  Terran Infantry Armor Level 1  
  55  8:46  Missile Turret  
  55  8:47  Medivac  
  57  8:50  Marauder  
  57  8:51  Marauder  
  57  8:52  SCV  
  62  8:58  Missile Turret  
  62  9:00  Refinery  
  62  9:04  SCV  
  62  9:05  Supply Depot  
  62  9:07  Terran Vehicle Weapons Level 1  
  62  9:09  Thor  
  69  9:34  SCV  
  70  9:46  SCV  
  70  9:50  Missile Turret x2  
  71  9:55  Stimpack  
  71  9:59  SCV  
  70  11:57  Command Center  
  70  12:04  Reaper x2  
  70  12:07  Medivac x2  
  76  12:14  Engineering Bay  
  76  12:19  Barracks x2  
  76  12:36  Reaper x2  
  78  13:05  Supply Depot  
  78  13:09  Marauder x2  
  78  13:10  Barracks Tech Lab x2  
  82  13:26  SCV  
  83  13:28  Supply Depot  
Tags
 
Add a new tag
Caveats
  • Supply blocks, unpowered buildings, or Contaminate may cause inaccurate times.
  • Supply counts are checked every 10 seconds.